 Dungeon Crawl Stone Soup version 0.14-a0-155-gd989017 (webtiles) character file.

1776 4tharraofdagon the Grappler (level 8, -2/76 HPs)
             Began as a Troll Monk on Oct 5, 2013.
             Was an Elder of Makhleb.
             Slain by an orc warrior
             ... wielding a +0,+2 orcish flail of protection
              (19 damage)
             ... on Level 7 of the Dungeon.
             The game lasted 00:12:52 (2359 turns).

4tharraofdagon the Grappler (Troll Monk)            Turns: 2359, Time: 00:12:52

HP  -2/76        AC  6     Str 20      XL: 8   Next: 68%
MP   0/8         EV 10     Int  6 (8)  God: Makhleb [****..]
Gold 118         SH  0     Dex 12      Spells:  0 memorised, 13 levels left

Res.Fire  : . . .   See Invis. : .     - Unarmed
Res.Cold  : . . .   Warding    : .   a - +0 robe
Life Prot.: . . .   Conserve   : .   (shield restricted)
Res.Poison: .       Res.Corr.  : .   (helmet restricted)
Res.Elec. : .       Clarity    : .   o - +0 cloak (curse)
Sust.Abil.: . .     Spirit.Shd : +   (gloves unavailable)
Res.Mut.  : .       Stasis     : .   (boots unavailable)
Res.Rott. : .       Flight     : .   B - amulet of guardian spirit
Gourmand  : +                        (no ring)
                                     (no ring)

@: mildly poisoned, slightly resistant to hostile enchantments, unstealthy
A: unfitting armour, claws 3, fast metabolism 3, gourmand, regeneration 2,
saprovore 2, tough skin 2, AC +1
a: Minor Destruction, Lesser Servant of Makhleb, Major Destruction, Renounce
Religion


You were on level 7 of the Dungeon.
You worshipped Makhleb.
Makhleb was greatly pleased with you.
You were not hungry.

You visited 2 branches of the dungeon, and saw 8 of its levels.

You collected 118 gold pieces.

Inventory:

Hand weapons
 w - a +0 blowgun
Missiles
 x - 11 poisoned needles
 A - 7 tomahawks
Armour
 a - a +0 robe (worn)
 o - a cursed +0 cloak (worn)
Magical devices
 d - a wand of fireball (0)
Comestibles
 b - 2 meat rations
 g - a lychee
 m - a bread ration
 p - a banana (quivered)
 r - a pear
Scrolls
 c - 2 scrolls of random uselessness {unknown}
 h - a scroll of amnesia {unknown}
 i - 2 scrolls of remove curse {unknown}
 q - a scroll of enchant weapon II {unknown}
 s - 2 scrolls of identify
Jewellery
 B - an amulet of guardian spirit (around neck)
Potions
 f - 2 potions of paralysis
 j - a potion of confusion
 k - a potion of flight
 n - 2 potions of brilliance
 z - a potion of restore abilities


   Skills:
 + Level 4.8 Fighting
 - Level 2.4 Dodging
 - Level 1.1 Stealth
 * Level 8.6 Unarmed Combat
 + Level 3.0 Spellcasting
 + Level 3.1 Invocations


You had 13 spell levels left.
You didn't know any spells.

Dungeon Overview and Level Annotations

Branches:
Dungeon (7/27)             Temple (1/1) D:5
    Orc: D:6-11

Altars:
Ashenzari
Cheibriados
Elyvilon
Fedhas
Kikubaaqudgha
Makhleb
Nemelex Xobeh
Okawaru
Sif Muna
Trog
Vehumet
Xom
Yredelemnul
Zin
the Shining One

Shops:
D:5 %


Innate Abilities, Weirdness & Mutations

You are too large for most types of armour.
You have claws for hands.
Your metabolism is lightning-fast.
You like to eat raw meat.
You heal very quickly.
You can eat rotten meat.
You are covered in fur (AC +1).
You have very tough skin (AC +2).


Message History

Drink which item? (? for menu, Esc to quit)
You feel much better.
You are covered in liquid flames!
One of your 2 scrolls labeled BRUXYU SOHIRCHA catches fire!
One of your 3 scrolls of identify catches fire!
The orc warrior hits you with a runed orcish flail.
Unknown command.
Unknown command.
You are covered in liquid flames!
Your scroll labeled ERECVI HEVITRO catches fire!
Your scroll of immolation catches fire!
* * * LOW HITPOINT WARNING * * *
There is a stone staircase leading down here.
Unknown command.
You are covered in liquid flames!
Your scroll of vulnerability catches fire!
* * * LOW HITPOINT WARNING * * *
You feel sick.
The orc warrior hits you with a runed orcish flail!
You die...

##############
#..............
#..............
#..............
#.....3.........
#...............
#....ยง.........>
#.@o...#########
#......# #....).#
#......# #....).#
#......# #......#
#......# #......#


You could see a smoke demon and an orc warrior.

Vanquished Creatures
  The ghost of Malachi the Grave Robber, an experienced DgNe (D:6)
  Menkaure (D:5)
  An ogre (D:6)
  2 phantoms
  Sigmund (D:4)
  2 giant frogs (D:6)
  3 killer bees (D:7)
  2 crimson imps (D:6)
  A centaur zombie (D:6)
  A giant frog zombie (D:6)
  2 jellies (D:5)
  5 orc priests
  A hound (D:5)
  A worker ant (D:4)
  An iguana (D:5)
  2 orc wizards (D:3)
  Ijyb (D:6)
  A hound zombie (D:7)
  A worker ant zombie (D:6)
  4 adders
  A worm (D:5)
  A giant eyeball (D:4)
  An ooze (D:2)
  16 orcs
  4 bats
  A bat skeleton (D:6)
  3 giant cockroaches
  6 goblins
  6 hobgoblins
  A quokka (D:5)
  2 giant geckos
  4 giant newts
  A gnoll skeleton (D:4)
  2 hobgoblin skeletons (D:6)
  12 jackals
  4 kobolds
  An orc skeleton (D:3)
  5 rats
105 creatures vanquished.

Vanquished Creatures (collateral kills)
  2 killer bees (D:7)
  An orc wizard (D:7)
  An adder (D:7)
4 creatures vanquished.

Grand Total: 109 creatures vanquished

Notes
Turn   | Place    | Note
--------------------------------------------------------------
     0 | D:1      | 4tharraofdagon, the Troll Monk, began the quest for the Orb.
     0 | D:1      | Reached XP level 1. HP: 20/20 MP: 0/0
   243 | D:3      | Reached XP level 2. HP: 19/28 MP: 0/0
   247 | D:3      | Noticed an orc wizard
   247 | D:3      | Noticed an orc wizard
   248 | D:3      | Noticed an orc priest
   276 | D:3      | Killed an orc wizard
   276 | D:3      | Reached XP level 3. HP: 33/36 MP: 1/1
   296 | D:3      | Killed an orc wizard
   296 | D:3      | Reached skill level 5 in Unarmed Combat
   311 | D:3      | Reached XP level 4. HP: 36/44 MP: 1/1
   367 | D:3      | Killed an orc priest
   398 | D:4      | Noticed a phantom
   418 | D:4      | Killed a phantom
   418 | D:4      | Reached skill level 1 in Spellcasting
   418 | D:4      | Reached XP level 5. HP: 34/52 MP: 1/2
   511 | D:4      | Noticed Sigmund
   530 | D:4      | Killed Sigmund
   530 | D:4      | Reached skill level 6 in Unarmed Combat
   530 | D:4      | Reached XP level 6. HP: 13/59 MP: 4/4
   724 | D:5      | Entered Level 5 of the Dungeon
   727 | D:5      | Found Otoiffot's Food Boutique.
   795 | D:5      | Found a staircase to the Ecumenical Temple.
   805 | Temple   | Entered the Ecumenical Temple
   845 | Temple   | Became a worshipper of Makhleb the Destroyer
   845 | Temple   | Acquired Makhleb's first power
   845 | Temple   | Acquired Makhleb's second power
   920 | D:5      | Noticed a wyvern
   965 | D:5      | Noticed Menkaure
   970 | D:5      | Killed Menkaure
   970 | D:5      | Reached XP level 7. HP: 57/67 MP: 4/5
  1031 | D:5      | Reached skill level 7 in Unarmed Combat
  1031 | D:5      | Reached skill level 1 in Invocations
  1412 | D:2      | Acquired Makhleb's third power
  1523 | D:5      | Found a bloodstained altar of Trog.
  1709 | D:6      | Noticed Ijyb
  1718 | D:6      | Killed Ijyb
  1831 | D:6      | Reached XP level 8. HP: 49/76 MP: 6/6
  1896 | D:6      | Noticed Malachi's ghost (experienced DgNe)
  1939 | D:6      | Killed Malachi's ghost
  1939 | D:6      | Reached skill level 8 in Unarmed Combat
  2291 | D:7      | Acquired Makhleb's fourth power
  2352 | D:7      | Noticed a smoke demon
  2359 | D:7      | Slain by an orc warrior

Action                   |  1- 3 |  4- 6 |  7- 9 || total
-------------------------+-------+-------+-------++-------
Melee: Unarmed           |    42 |    81 |   207 ||   330
Invok: Lesser Servant of |       |       |     3 ||     3
Evoke: Wand              |       |     3 |       ||     3
  Use: Potion            |       |     4 |     1 ||     5
       Scroll            |       |     3 |     4 ||     7
